 Dungeon Crawl Stone Soup version 0.30-a0-34-gbe8da3892a (webtiles) character file.

Game seed: 13385593851961393478

92 frimble the Conjurer (level 4, -3/30 HPs)
             Began as a Demonspawn Air Elementalist on Aug 27, 2022.
             Slain by a gnoll
             ... wielding a +0 flail
              (6 damage)
             ... on level 3 of the Dungeon.
             The game lasted 00:02:51 (2632 turns).

frimble the Conjurer (Demonspawn Air Elementalist)  Turns: 2632, Time: 00:02:52

Health: -3/30      AC:  3    Str:  8    XL:     4   Next: 35%
Magic:  0/7        EV: 16    Int: 17    God:
Gold:   105        SH:  0    Dex: 15    Spells: 6/7 levels left

rFire   . . .      SeeInvis .    j - +0 long sword
rCold   . . .      Faith    .    (no shield)
rNeg    . . .      Spirit   +    a - +0 robe
rPois   .          Reflect  .    e - +0 helmet
rElec   .          Harm     .    (no cloak)
rCorr   .          Rampage  .    (no gloves)
Will    .....                    (no boots)
Stlth   ++........               k - amulet of guardian spirit
HPRegen 0.10/turn                h - +4 ring of evasion
MPRegen 0.10/turn                (no ring)

@: no status effects
A: claws 1, powered by pain 1
a: no special abilities


You were on level 3 of the Dungeon.
You visited 1 branch of the dungeon, and saw 3 of its levels.

You collected 105 gold pieces.

Inventory:

Hand Weapons
 c - a +1 dagger
 j - a +0 long sword (weapon)
Armour
 a - a +0 robe (worn)
 e - a +0 helmet (worn)
Jewellery
 h - a +4 ring of evasion (left claw)
 k - an amulet of guardian spirit (around neck)
Wands
 i - a wand of paralysis (5)
 l - a wand of flame (17)
Scrolls
 f - 2 scrolls of enchant weapon
 n - a scroll of identify {unknown}
 o - a scroll of teleportation
Potions
 b - 3 potions of magic
 d - 2 potions of curing
 g - a potion of brilliance {unknown}
 m - a potion of haste {unknown}
 p - a potion of flight {unknown}


   Skills:
 - Level 0.7(1.3) Short Blades
 - Level 1.7(1.8) Long Blades
 - Level 1.8 Dodging
 - Level 1.8 Stealth
 + Level 1.1 Unarmed Combat
 - Level 2.0 Spellcasting
 - Level 3.0 Conjurations
 - Level 2.7 Air Magic


You had 6 spell levels left.
You knew the following spells:

 Your Spells              Type           Power      Damage    Failure   Level
a - Shock                 Conj/Air       44%        1d5       6%          1

Your spell library contained the following spells:

 Spells                   Type           Power      Damage    Failure   Level
 Magic Dart               Conj           44%        1d5       5%          1
 Searing Ray              Conj           22%        2d5       9%          2
 Static Discharge         Conj/Air       22%        3-5/arc   9%          2
 Swiftness                Air            10%        N/A       19%         3
 Gell's Gravitas          Tloc           1%         N/A       50%         3
 Lesser Beckoning         Tloc           1%         N/A       50%         3
 Teleport Other           Tloc           1%         N/A       50%         3
 Airstrike                Air            5%         2d(1-17)  54%         4
 Fulminant Prism          Conj/Hex       3%         3d6       71%         4


Dungeon Overview and Level Annotations

Branches:
Dungeon (3/15)

Altars:
Vehumet


Innate Abilities, Weirdness & Mutations

You have sharp fingernails.
You sometimes gain a little power by taking damage.


Message History

The frilled lizard hisses angrily.
You hit the frilled lizard.
You kill the frilled lizard!
No target in view!
No target in view!
No target in view!
No target in view!
No target in view!
No target in view!
No target in view!
There is a stone staircase leading up here.
There is an open door here.
You open the door.
There is an open door here.
Done exploring.
Done exploring.
Done exploring.
Done exploring.
(D) Dungeon
Where to? (Enter - D:2, ? - help)
There is an open door here.
There is a stone staircase leading up here.
You climb upwards.
The gnoll hits you with a +0 flail! The gnoll closely misses you.
There is a stone staircase leading down here.
The gnoll misses you.
The gnoll hits you from afar with a +0 halberd!
You climb downwards.
There is a stone staircase leading up here.
Aiming: Shock (safe; 6% risk of failure)
Press: ? - help, Q - select action, (/) - cycle Shift-Dir - straight line, f - gnoll
Aim: a gnoll, wielding a +0 flail (72% to hit)
The zap misses the gnoll.
The gnoll closely misses you.
You hit the gnoll but do no damage. The gnoll hits you with a +0 flail!
* * * LOW HITPOINT WARNING * * *
You hit the gnoll.
The gnoll is heavily wounded.
The gnoll barely misses you. The gnoll hits you with a +0 flail.
You die...

### #@# #g#
#.################
#.#...............
#.#.##############
#.#.# #.#.# #.#.#
#.#'##############


You could see a gnoll.

Vanquished Creatures
  4 gnolls
  3 worms (D:3)
  A dart slug (D:3)
  5 endoplasms
  2 giant cockroaches
  2 goblins (D:3)
  5 hobgoblins
  2 jackals (D:1)
  3 kobolds
  A quokka (D:3)
  3 ball pythons
  5 bats
  5 frilled lizards
  2 rats (D:1)
43 creatures vanquished.

Notes
Turn   | Place    | Note
-------+----------+-------------------------------------------
     0 | D:1      | frimble the Demonspawn Air Elementalist began the quest for
                  | the Orb.
     0 | D:1      | Reached XP level 1. HP: 13/13 MP: 3/3
   697 | D:1      | Reached skill level 2 in Conjurations
   697 | D:1      | Gained mutation: You sometimes gain a little power by
                  | taking damage. [demonic ancestry]
   697 | D:1      | Reached XP level 2. HP: 19/19 MP: 5/5
   977 | D:1      | Found a faded altar of an unknown god.
  1187 | D:2      | Reached XP level 3. HP: 24/24 MP: 0/6
  1252 | D:3      | Paralysed by a hobgoblin for 2 turns
  1320 | D:3      | Reached skill level 3 in Conjurations
  1493 | D:3      | Found a radiant altar of Vehumet.
  1632 | D:3      | Reached skill level 1 in Long Blades
  1635 | D:3      | Gained mutation: You have sharp fingernails. [demonic
                  | ancestry]
  1635 | D:3      | Reached XP level 4. HP: 6/30 MP: 1/7
  2145 | D:3      | Reached skill level 1 in Unarmed Combat
  2632 | D:3      | Slain by a gnoll

Illustrated notes

Levels and vault maps discovered:
D:1:      heliophobic_arrival_battle_scene, layout_basic,
          shapermc_ecumenical_altar_totnotflames
D:2:      layout_loops_corners
D:3:      layout_basic, overflow_temple_1_default, serial_park_tiny_1

Skill      XL: |  1  2  3  4 |
---------------+-------------+-----
Conjurations   | 2 3 |  3.0
Long Blades    | 1 |  1.7
Unarmed Combat | 1 |  1.1
Short Blades   | |  0.7
Dodging        | |  1.8
Stealth        | |  1.8
Spellcasting   | |  2.0
Air Magic      | |  2.7

Action                   |  1- 3 |  4- 6 || total
-------------------------+-------+-------++-------
Melee: Dagger            |    48 |       ||    48
       Punch             |     1 |       ||     1
       Long sword        |    17 |    42 ||    59
 Cast: Shock             |    24 |     4 ||    28
  Use: Scroll            |     2 |       ||     2
       Potion            |     1 |       ||     1
 Stab: Sleeping          |     7 |     2 ||     9
Armor: Robe              |    18 |     4 ||    22
Dodge: Dodged            |    53 |    38 ||    91

Table legend: (Time is in decaauts)
 A = Elapsed time spent in this place.
 B = Non-inter-level travel time spent in this place.
 C = Inter-level travel time spent in this place.
 D = Time resting spent in this place.
 E = Time spent auto-exploring this place.
 F = Levels seen in this place.
 G = Mean time per level.
                   A        B        C        D        E       F      G
               +--------+--------+--------+--------+--------+-----+--------+
         Total |   2650 |   2614 |     36 |      0 |   2220 |   3 |  883.3 |
       Dungeon |   2650 |   2614 |     36 |      0 |   2220 |   3 |  883.3 |
               +--------+--------+--------+--------+--------+-----+--------+

Top non-repeatable levels by time:
     D:3: 1456 daAuts
     D:1: 1094 daAuts
     D:2: 99 daAuts
